 Dungeon Crawl Stone Soup version 0.28.0 (webtiles) character file.

Game seed: 14229532362970021604

232 Kikato the Conjurer (level 5, -2/39 HPs)
             Began as a Demigod Conjurer on Feb 7, 2022.
             Slain by an orc (4 damage)
             ... on level 3 of the Dungeon on Feb 8, 2022.
             The game lasted 00:19:12 (3046 turns).

Kikato the Conjurer (Demigod Conjurer)              Turns: 3046, Time: 00:19:13

Health: -2/39      AC:  4    Str:  8    XL:     5   Next: 45%
Magic:  2/12       EV: 12    Int: 24    God:
Gold:   103        SH:  0    Dex: 12    Spells: 8/9 levels left

rFire   . . .      SeeInvis .   b - +0 dagger
rCold   . . .      Faith    .   (no shield)
rNeg    . . .      Spirit   .   a - +0 robe
rPois   .          Reflect  .   (no helmet)
rElec   .          Harm     .   (no cloak)
rCorr   .          Rampage  .   c - +1 pair of gloves
Will    .....                   (no boots)
Stlth   ++........              (no amulet)
HPRegen 0.13/turn               (no ring)
MPRegen 0.13/turn               (no ring)

@: brilliant
A: high MP 1, forlorn, divine attributes
a: no special abilities


You were on level 3 of the Dungeon.
You visited 1 branch of the dungeon, and saw 3 of its levels.

You collected 103 gold pieces.

Inventory:

Hand Weapons
 b - a +0 dagger (weapon)
 l - a +0 club
Missiles
 g - 18 arrows
 k - 4 poisoned darts
Armour
 a - a +0 robe (worn)
 c - a +1 pair of gloves (worn)
Jewellery
 j - a ring of fire
Potions
 d - a potion of brilliance
 e - a potion of flight {unknown}
 h - a potion of degeneration {unknown}
 i - 2 potions of ambrosia {unknown}
 m - a potion of curing {unknown}


   Skills:
 + Level 0.9 Fighting
 + Level 1.2 Short Blades
 + Level 2.2 Dodging
 + Level 2.4 Stealth
 + Level 0.1 Unarmed Combat
 + Level 2.7 Spellcasting
 + Level 4.9 Conjurations
 + Level 1.0 Evocations


You had 8 spell levels left.
You knew the following spells:

 Your Spells              Type           Power      Damage    Failure   Level
a - Magic Dart            Conj           100%       1d8       1%          1

Your spell library contained the following spells:

 Spells                   Type           Power      Damage    Failure   Level
 Searing Ray              Conj           80%        2d7       2%          2
 Dazzling Flash           Conj/Hex       44%        N/A       12%         3
 Fulminant Prism          Conj/Hex       11%        3d9       38%         4
 Iskenderun's Mystic Bla  Conj/Tloc      22%        2d6       38%         4


Dungeon Overview and Level Annotations

Branches:
Dungeon (3/15)

Shops:
D:1 [


Innate Abilities, Weirdness & Mutations

You have an increased reservoir of magic. (+10% MP)
You shall have no god before yourself.
Your divine heritage dramatically boosts your attributes as you level up.


Message History

The orc closely misses you. The orc barely misses you.
Unknown command.
You hit the orc but do no damage. The orc hits you with a +0 hand axe.
* * * LOW HITPOINT WARNING * * *
Casting: Magic Dart (safe; 1% risk of failure)
Confirm with . or Enter, or press ? or * to list all spells.
You don't know that spell.
Unknown command.
Casting: Magic Dart (safe; 1% risk of failure)
Confirm with . or Enter, or press ? or * to list all spells.
Aiming: Magic Dart (safe; 1% risk of failure)
Press: ? - help, Shift-Dir - straight line, f/p - orc
Aim: an orc, wielding a +0 flail and wearing a +0 scale mail (heavily wounded, 100% to hit)
You feel a surge of power!
The magic dart hits the orc.
The orc is almost dead.
The orc hits you with a +0 hand axe.
* * * LOW HITPOINT WARNING * * *
Casting: Magic Dart (safe; 1% risk of failure)
Confirm with . or Enter, or press ? or * to list all spells.
Aiming: Magic Dart (safe; 1% risk of failure)
Press: ? - help, Shift-Dir - straight line, f/p - orc
Aim: an orc, wielding a +0 flail and wearing a +0 scale mail (heavily wounded, 100% to hit)
You feel a surge of power!
The magic dart hits the orc.
The orc is severely wounded.
The orc hits you with a +0 hand axe.
* * * LOW HITPOINT WARNING * * *
The orc misses you.
Welcome back, Kikato the Demigod Conjurer.
Press ? for a list of commands and other information.
Found 6 gold pieces.
Casting: Magic Dart (safe; 1% risk of failure)
Confirm with . or Enter, or press ? or * to list all spells.
Aiming: Magic Dart (safe; 1% risk of failure)
Press: ? - help, Shift-Dir - straight line, f - orc
Aim: an orc, wielding a +0 hand axe and wearing a +0 leather armour (almost dead, 100% to hit)
You feel a surge of power!
The magic dart hits the orc.
You kill the orc!
It was a potion of mutation.
You feel extremely strange. The orc hits you with a +0 hand axe.
You die...

.o.####..###
.....o.o...##
#..####...#.######
####..###o.#......
........##o.##.#
#........#..##.#
.....#..##..##.# #
.....#..#o.###.###.##.##
....##..#.....oo@.....#$
..###...#..###o###.##.#.
###....##..##...# #
.......#..........
......##.#.##...###
.....##....###.##
'''###..##.# #...
.......###.# #####
#..##### #.#


You could see 4 orcs.

Vanquished Creatures
  The ghost of snetch the Magician, an amateur DjFE (D:3)
  A scorpion zombie (D:3)
  Jessica (D:2)
  A gnoll (D:2)
  2 adders (D:2)
  A hound simulacrum (D:3)
  A white imp (D:3)
  3 dart slugs
  3 adder simulacra (D:3)
  2 orcs (D:3)
  A bat (D:1)
  3 endoplasms
  4 giant cockroaches
  5 goblins
  8 jackals
  2 kobolds
  2 quokkas
  3 ball pythons (D:1)
  A ball python simulacrum (D:3)
  3 frilled lizards
  2 rats
50 creatures vanquished.

Vanquished Creatures (others)
  4 plants (D:1)
4 creatures vanquished.

Grand Total: 54 creatures vanquished

Notes
Turn   | Place    | Note
-------+----------+-------------------------------------------
     0 | D:1      | Kikato the Demigod Conjurer began the quest for the Orb.
     0 | D:1      | Reached XP level 1. HP: 14/14 MP: 5/5
   217 | D:1      | Found Voedghyo's Armour Shop.
   609 | D:1      | Reached XP level 2. HP: 20/20 MP: 2/7
   712 | D:1      | Reached skill level 4 in Conjurations
  1643 | D:2      | Reached XP level 3. HP: 26/26 MP: 3/8
  2010 | D:2      | Noticed Jessica
  2017 | D:2      | Killed Jessica
  2018 | D:2      | Reached XP level 4. HP: 21/33 MP: 5/10
  2421 | D:3      | Found a runed translucent gate.
  2421 | D:3      | Found a runed translucent gate.
  2421 | D:3      | Found a runed translucent gate.
  2459 | D:3      | Noticed snetch's ghost (amateur DjFE)
  2710 | D:3      | Reached skill level 1 in Short Blades
  2750 | D:3      | Killed snetch's ghost
  2751 | D:3      | Reached XP level 5. HP: 17/39 MP: 1/12
  2977 | D:3      | Reached skill level 1 in Evocations
  3046 | D:3      | Slain by an orc

Illustrated notes

Levels and vault maps discovered:
D:1:      dpeg_arrival_pits, layout_basic, ebering_ecumenical_altar_petrified,
          serial_shops, nicolae_shop_behind_doors, serial_forest,
          infiniplex_forest_3_way, infiniplex_forest_lined_corner,
          infiniplex_forest_straight_2, infiniplex_forest_end_1,
          infiniplex_forest_clump_double, infiniplex_forest_end_1
D:2:      layout_rooms, cheibrodos_gnoll_hut, uniq_jessica
D:3:      layout_loops_ring, amcnicky_altar_gilded, zin_scriptorium,
          gammafunk_ghost_icy, serial_glass, glass_columns_b, glass_columns_a,
          hangedman_abyss_or_decor_lesser_grid, uniq_robin

Skill      XL: |  1  2  3  4  5 |
---------------+----------------+-----
Stealth        | 2 |  2.4
Conjurations   | 4 |  4.9
Spellcasting   | 2 |  2.7
Dodging        | 2 |  2.2
Short Blades   | 1 |  1.2
Evocations     | 1 |  1.0
Fighting       | |  0.9
Unarmed Combat | |  0.1

Action                   |  1- 3 |  4- 6 || total
-------------------------+-------+-------++-------
Melee: Unarmed           |     7 |       ||     7
       Dagger            |    33 |    15 ||    48
 Cast: Magic Dart        |    64 |    40 ||   104
Evoke: Wand              |       |    20 ||    20
  Use: Scroll            |     4 |     1 ||     5
       Potion            |       |     4 ||     4
Armor: Robe              |    14 |     9 ||    23
Dodge: Dodged            |    42 |    33 ||    75
